 Dungeon Crawl Stone Soup version 0.29.1-15-g9cfb28693d (webtiles) character file.

Game seed: 8835610367316352758

6 hawla the Firebug (level 2, -2/20 HPs)
             Began as a Meteoran Fire Elementalist on Mar 17, 2023.
             Slain by Terence
             ... wielding a +0 falchion
              (3 damage)
             ... on level 2 of the Dungeon.
             The game lasted 00:00:52 (129 turns).

hawla the Firebug (Meteoran Fire Elementalist)       Turns: 129, Time: 00:00:53

Health: -2/20      AC:  2    Str:  9    XL:     2   Next: 11%
Magic:  4/6        EV: 12    Int: 16    God:
Gold:   36         SH:  0    Dex: 14    Spells: 5/6 levels left

rFire   . . .      SeeInvis .   (no weapon)
rCold   . . .      Faith    .   (no shield)
rNeg    . . .      Spirit   .   a - +0 robe
rPois   .          Reflect  .   (no helmet)
rElec   .          Harm     .   (no cloak)
rCorr   .          Rampage  .   (no gloves)
Will    .....                   (no boots)
Stlth   +.........              (no amulet)
HPRegen 0.06/turn               (no ring)
MPRegen 0.10/turn               (no ring)

@: glowing
A: sense surroundings 1, otherworldly, glowing, explore regen
a: no special abilities


You were on level 2 of the Dungeon.
You visited 1 branch of the dungeon, and saw 2 of its levels.

You collected 36 gold pieces.

Inventory:

Armour
 a - a +0 robe (worn)
Scrolls
 c - a scroll of teleportation {unknown}
 d - 2 scrolls of vulnerability {unknown}


   Skills:
 + Level 2.4 Dodging
 - Level 1.4 Stealth
 + Level 2.7 Spellcasting
 + Level 1.2 Conjurations
 + Level 4.1 Fire Magic


You had 5 spell levels left.
You knew the following spells:

 Your Spells              Type           Power      Damage    Failure   Level
a - Foxfire               Conj/Fire      40%        2x1d6     6%          1

Your spell library contained the following spells:

 Spells                   Type           Power      Damage    Failure   Level
 Scorch                   Fire           30%        2d6       5%          2
 Conjure Flame            Conj/Fire      10%        6-21      19%         3
 Inner Flame              Hex/Fire       8%         N/A       24%         3
 Flame Wave               Conj/Fire      10%        2d6       54%         4


Dungeon Overview and Level Annotations

Branches:
Dungeon (2/15) Zot: 1070

Altars:

Annotations:
D:2 Terence


Innate Abilities, Weirdness & Mutations

You passively map a small area around you.
You are easily found by Zot.
You glow in the dark.
You regain HP and MP as you explore.


Message History

Terence is moderately wounded.
Terence barely misses you.
Unknown command.
Unknown command.
Casting: Foxfire (safe; 6% risk of failure)
Confirm with . or Enter, or press ? or * to list all spells.
You conjure some foxfire!
The foxfire hits Terence but does no damage.
Terence is moderately wounded.
The foxfire hits Terence.
Terence is heavily wounded.
The foxfire hits Terence but does no damage.
Terence is heavily wounded.
Terence hits you with a +0 falchion!
* * * LOW HITPOINT WARNING * * *
Magic courses through your body.
The foxfire hits Terence.
Terence is heavily wounded.
The foxfire hits Terence.
Terence is severely wounded.
Terence completely misses you.
Casting: Foxfire (safe; 6% risk of failure)
Confirm with . or Enter, or press ? or * to list all spells.
You conjure some foxfire!
Terence hits you with a +0 falchion.
* * * LOW HITPOINT WARNING * * *
Casting: Foxfire (safe; 6% risk of failure)
Confirm with . or Enter, or press ? or * to list all spells.
You conjure some foxfire!
The foxfire hits Terence.
Terence is severely wounded.
The foxfire hits Terence.
Terence is severely wounded.
Terence hits you with a +0 falchion.
* * * LOW HITPOINT WARNING * * *
You barely miss Terence.
Terence is severely wounded.
The foxfire hits Terence but does no damage.
Terence is severely wounded.
The foxfire hits Terence but does no damage.
Terence is severely wounded.
Terence hits you with a +0 falchion.
You die...

, , #....## *
......, ,
#.###....# *
#.#......
#.#.#...#.###
,
#.......#...#
#....#ยง..>.#*
* ###...#@...#
~ #......@..##
* #.........#
,
#.......#..#*
~
####<####...#
~ #.# ..... ,
*#!#* , .....
, ~ #....#
,.>... ,
#..... , ,, ,


You could see Terence.

Vanquished Creatures
  A ball python (D:2)
  An endoplasm (D:1)
  2 giant cockroaches (D:2)
  A frilled lizard (D:1)
5 creatures vanquished.

Vanquished Creatures (others)
  27 foxfires
27 creatures vanquished.

Grand Total: 32 creatures vanquished

Notes
Turn   | Place    | Note
-------+----------+-------------------------------------------
     0 | D:1      | hawla the Meteoran Fire Elementalist began the quest for
                  | the Orb.
     0 | D:1      | Reached XP level 1. HP: 14/14 MP: 5/5
   108 | D:2      | Reached skill level 4 in Fire Magic
   108 | D:2      | Reached XP level 2. HP: 19/20 MP: 3/6
   112 | D:2      | Noticed Terence
   128 | D:2      | HP: 1/20 [Terence/+0 falchion (1)]
   129 | D:2      | Slain by Terence

Illustrated notes

Levels and vault maps discovered:
D:1:      heliophobic_arrival_enchanted_forest, layout_loops_cross,
          serial_shops, nicolae_shop_temple_entry_statues_fountains
D:2:      layout_basic, chequers_serial_rivers_large_a,
          hangedman_decor_slide_cut, uniq_terence

Skill      XL: |  1 |
---------------+----+-----
Fire Magic     | 4 |  4.1
Dodging        | |  2.4
Stealth        | |  1.4
Spellcasting   | |  2.7
Conjurations   | |  1.2

Action                   || total
-------------------------++-------
Melee: Unarmed           ||     2
 Cast: Foxfire           ||    14
  Use: Potion            ||     1
Dodge: Dodged            ||     5
